 Dungeon Crawl Stone Soup version 0.31-a0-1388-g4b2ba238e7 (webtiles) character file.

Game seed: 3884775491103649640

9 MisterAzrael the Changeling (level 2, 0/27 HPs)
             Began as an Octopode Shapeshifter on Dec 24, 2023.
             Frozen to death by an endoplasm (5 damage)
             ... on level 1 of the Dungeon.
             The game lasted 00:00:22 (96 turns).

MisterAzrael the Changeling (Octopode Shapeshifter)   Turns: 96, Time: 00:00:22

Health: 0/27       AC: 21    Str: 13    XL:     2   Next: 16%
Magic:  2/2        EV:  2    Int: 12    God:
Gold:   14         SH:  0    Dex: 11    Spells: 1/1 levels left

rFire   . .          .
                       - Unarmed
rCold   . . .        (no shield)
rNeg    . . .        (helmet currently unavailable)
rPois   +            (no amulet)
rElec   .            (no ring)
rCorr   .            (no ring)
SInv    .            (no ring)
Will    .....        (no ring)
Stlth   +            (no ring)
HPRegen 0.24/turn    (no ring)
MPRegen 0.08/turn    (no ring)
                     (no ring)

%: no passive effects
@: tree-form
A: stationary, stasis, torment immunity, boosted hp, almost no armour,
(amphibious), 8 rings, (camouflage 1), (gelatinous body 1), (nimble swimmer 1),
(tentacles)
a: no special abilities


You were on level 1 of the Dungeon.
You were a tree.
You visited 1 branch of the dungeon, and saw 1 of its levels.

You collected 14 gold pieces.

Inventory:

Talismans
 b - a beast talisman
 c - a flux talisman
Scrolls
 d - a scroll of identify {unknown}
Potions
 e - a potion of enlightenment {unknown}


   Skills:
 - Level 1.0 Fighting
 - Level 2.0 Dodging
 + Level 3.2 Unarmed Combat
 * Level 3.3 Shapeshifting


You had one spell level left.
You didn't know any spells.
Your spell library was empty.

Dungeon Overview and Level Annotations

Branches:
Dungeon (1/15)

Altars:


Innate Abilities, Weirdness & Mutations

You are a tree.
Your roots penetrate the ground, keeping you stationary.
You cannot be teleported.
You are immune to unholy pain and torment.
Your maximum health is greatly increased.
You cannot wear most types of armour.
((You are amphibious.))
You can wear up to eight rings at the same time.
((Your skin changes colour to match your surroundings (Stealth+).))
((Your rubbery body absorbs attacks. (AC +1, EV +1)))
((You are camouflaged when in or above water. (Stealth+)))
((You have tentacles for arms and can constrict up to eight enemies at once.))


Message History

You hit the jackal.
The jackal is moderately wounded.
The jackal bites you but does no damage. x4
You smack the jackal!
You kill the jackal!
The jackal barely misses you.
You have reached level 2!
You closely miss the jackal. The jackal bites you.
* * * LOW HITPOINT WARNING * * *
The jackal bites you but does no damage.
You closely miss the jackal.
The jackal bites you but does no damage. x3
The jackal barely misses you.
You smack the jackal!
You kill the jackal!
The jackal bites you but does no damage.
You cannot move.
You cannot move.
You cannot move.
You cannot move.
You closely miss the jackal. You closely miss the jackal.
The jackal bites you but does no damage. x4
You smack the jackal!
You kill the jackal!
The jackal bites you but does no damage.
Your life force feels restored.
You hit the endoplasm but do no damage.
The jackal bites you but does no damage.
The endoplasm hits you but does no damage.
You hit the endoplasm but do no damage.
The jackal bites you but does no damage.
The endoplasm hits you but does no damage.
The jackal bites you.
* * * LOW HITPOINT WARNING * * *
You hit the endoplasm.
The endoplasm is almost dead.
The endoplasm freezes you.
You are frozen.
You die...

#...#.....#...#..>#
.#..##.8.##..##...###
#...#...#...#......##
.##..##.##.....####†)#
............#.##
##....#
###..)(....##.# ####.#
###..#####..# ..
#.........## ..
#.####h♣#....... . #.
##J######### ##. #..#
####..###.#####.
.................
######)...#######
......## ##.##..# #.
...#


You could see an endoplasm and a jackal.

Vanquished Creatures
  A bat (D:1)
  A goblin (D:1)
  3 jackals (D:1)
  A kobold (D:1)
  3 rats (D:1)
9 creatures vanquished.

Notes
Turn   | Place    | Note
-------+----------+-------------------------------------------
     0 | D:1      | MisterAzrael the Octopode Shapeshifter began the quest for
                  | the Orb.
     0 | D:1      | Reached XP level 1. HP: 13/13 MP: 1/1
    88 | D:1      | Reached XP level 2. HP: 7/16 MP: 2/2
    96 | D:1      | Frozen to death by an endoplasm

Illustrated notes

Levels and vault maps discovered:
D:1:      mainiacjoe_arrival_oval_in_oval, layout_rooms, minmay_tall_x

Action                     || total
---------------------------++-------
  Melee: Unarmed           ||    23
         Constrict         ||     4
         Tentacles         ||     4
    Use: Potion            ||     1
   Stab: Sleeping          ||     1
 Armour: Skin              ||    33
  Dodge: Dodged            ||    12

Table legend: (Time is in decaauts)
 A = Elapsed time spent in this place.
 B = Non-inter-level travel time spent in this place.
 C = Inter-level travel time spent in this place.
 D = Time resting spent in this place.
 E = Time spent auto-exploring this place.
 F = Levels seen in this place.
 G = Mean time per level.
                   A        B        C        D        E       F      G
               +--------+--------+--------+--------+--------+-----+--------+
         Total |     94 |     94 |      0 |      0 |     50 |   1 |   94.0 |
       Dungeon |     94 |     94 |      0 |      0 |     50 |   1 |   94.0 |
               +--------+--------+--------+--------+--------+-----+--------+

Top non-repeatable levels by time:
     D:1: 94 daAuts
